NCAA
VILLANOVA WILDCATS @ ARKANSAS RAZORBACKS
04/18/2025
 
TOP OF THE 1ST
Villanova Wildcats batting - Pitching for Arkansas Razorbacks : RHP Fernando Villarroel
Pitching: RHP Fernando Villarroel
Batting: RHB Jason Powers 0-0: Ground out 6-3 (Groundball, 6M)
Batting: SHB Lorenzo Gómez 0-0: Fly out, F4 (Popup, 4MD)
Batting: LHB Steven Smith 0-0: Ground out U3 (Groundball, 3S)
Top of the 1st over - 0 run(s), 0 hit(s), 0 error(s), 0 left on base; Villanova 0 - Arkansas 0
BOTTOM OF THE 1ST
Arkansas Razorbacks batting - Pitching for Villanova Wildcats : RHP Ryan Schmidt
Pitching: RHP Ryan Schmidt
Batting: SHB Ed Dundee 0-0: Ball
1-0: DOUBLE (Groundball, 3L)
Batting: RHB Andrew Weatherly 0-0: Ball
Ed Dundee steals 3rd base
1-0: Ball
2-0: Called Strike
2-1: Ball
3-1: DOUBLE (Groundball, 3L)
Ed Dundee scores
Batting: LHB Richard Hinkle 0-0: Foul Ball, location: 2F
0-1: Ball
1-1: Called Strike
1-2: Strikes out swinging
Batting: LHB Carter Sweet 0-0: Called Strike
0-1: Ground out 3-1 (Groundball, 34)
Andrew Weatherly to third
Batting: RHB Stan Simpson 0-0: Ball
1-0: Ball
2-0: Fly out, F7 (Flyball, 7M)
Bottom of the 1st over - 1 run(s), 2 hit(s), 0 error(s), 1 left on base; Villanova 0 - Arkansas 1
TOP OF THE 2ND
Villanova Wildcats batting - Pitching for Arkansas Razorbacks : RHP Fernando Villarroel
Batting: RHB Ron Elazar 0-0: Ball
1-0: Foul Ball, location: 2F
1-1: Called Strike
1-2: Foul Ball, location: 2F
1-2: Ball
2-2: Foul Ball, location: 2F
2-2: Ball
3-2: Foul Ball, location: 2F
3-2: Base on Balls
Batting: RHB Jorge Barrios 0-0: Ball
1-0: Called Strike
1-1: Ball
2-1: Swinging Strike
2-2: Ball
3-2: Fly out, F8 (Flyball, 8LM)
3-2: Fly out, F8 (Flyball, 8LM)
Batting: RHB Dan McKay 0-0: Grounds into double play, 5-4-3 (Groundball, 5)
Top of the 2nd over - 0 run(s), 0 hit(s), 0 error(s), 0 left on base; Villanova 0 - Arkansas 1
BOTTOM OF THE 2ND
Arkansas Razorbacks batting - Pitching for Villanova Wildcats : RHP Ryan Schmidt
Batting: LHB Paul Valentine 0-0: Fly out, F8 (Flyball, 8RM)
Batting: RHB Jon Anderson 0-0: Called Strike
0-1: Ball
1-1: Fly out, F6 (Popup, 6M)
Batting: RHB Domingo Morales 0-0: Foul Ball, location: 2F
0-1: Called Strike
0-2: Ball
1-2: Strikes out looking
Bottom of the 2nd over - 0 run(s), 0 hit(s), 0 error(s), 0 left on base; Villanova 0 - Arkansas 1
TOP OF THE 3RD
Villanova Wildcats batting - Pitching for Arkansas Razorbacks : RHP Fernando Villarroel
Batting: RHB Tom Hooper 0-0: Ball
1-0: SINGLE (Groundball, 6MD)
Batting: RHB Ricardo López 0-0: Ball
1-0: Swinging Strike
1-1: Ball
2-1: Swinging Strike
2-2: Ball
3-2: Foul Ball, location: 2F
3-2: Foul Ball, location: 2F
3-2: Base on Balls
Tom Hooper to second
Batting: RHB Juan Romero 0-0: Foul Ball, location: 2F
0-1: Ball
1-1: Ball
2-1: Ground out U3 (Groundball, 3S)
Tom Hooper to third
Ricardo López to second
Batting: RHB Jason Powers 0-0: Ball
1-0: Fly out, F9 (Flyball, 89M)
Batting: SHB Lorenzo Gómez 0-0: Foul Ball, location: 2F
0-1: SINGLE (Line Drive, 4M)
Tom Hooper scores
Ricardo López to third
Runner from 3rd tries for Home, SAFE, no throw or cutoff
Batting: LHB Steven Smith 0-0: Ball
1-0: Foul Ball, location: 2F
1-1: Called Strike
1-2: Foul Ball, location: 2F
1-2: Ball
2-2: Ball
3-2: Foul Ball, location: 2F
3-2: Base on Balls
Lorenzo Gómez to second
Batting: RHB Ron Elazar 0-0: Ball
1-0: Foul Ball, location: 2F
1-1: Foul Ball, location: 2F
1-2: Strikes out swinging
Top of the 3rd over - 2 run(s), 2 hit(s), 0 error(s), 2 left on base; Villanova 2 - Arkansas 1
BOTTOM OF THE 3RD
Arkansas Razorbacks batting - Pitching for Villanova Wildcats : RHP Ryan Schmidt
Batting: RHB Heath O'Keerwin 0-0: Swinging Strike
0-1: SOLO HOME RUN (Flyball, 8LXD), Distance : 401 ft
Batting: SHB Ed Dundee 0-0: Called Strike
0-1: Fly out, F3 (Popup, 3F)
Batting: RHB Andrew Weatherly 0-0: Ball
1-0: Fly out, F4 (Popup, 4M)
Batting: LHB Richard Hinkle 0-0: Fly out, F5 (Popup, 25F)
Bottom of the 3rd over - 1 run(s), 1 hit(s), 0 error(s), 0 left on base; Villanova 2 - Arkansas 2
TOP OF THE 4TH
Villanova Wildcats batting - Pitching for Arkansas Razorbacks : RHP Fernando Villarroel
Batting: RHB Jorge Barrios 0-0: Swinging Strike
0-1: Ball
1-1: Called Strike
1-2: Ball
2-2: Strikes out swinging
Batting: RHB Dan McKay 0-0: Ground out 5-3 (Groundball, 5)
Batting: RHB Tom Hooper 0-0: SINGLE (Line Drive, 4M)
Batting: RHB Ricardo López 0-0: Ball
1-0: Ball
2-0: Called Strike
2-1: Foul Ball, location: 2F
2-2: SINGLE (Groundball, 56)
Tom Hooper to second
Batting: RHB Juan Romero 0-0: Ball
1-0: Foul Ball, location: 2F
1-1: SINGLE (Groundball, 6MD) (infield hit)
Tom Hooper to third
Ricardo López to second
Batting: RHB Jason Powers 0-0: Called Strike
0-1: Ball
1-1: Ball
2-1: Fly out, F4 (Popup, 4M)
Top of the 4th over - 0 run(s), 3 hit(s), 0 error(s), 3 left on base; Villanova 2 - Arkansas 2
BOTTOM OF THE 4TH
Arkansas Razorbacks batting - Pitching for Villanova Wildcats : RHP Ryan Schmidt
Batting: LHB Carter Sweet 0-0: Called Strike
0-1: Called Strike
0-2: Ball
1-2: Ball
2-2: Foul Ball, location: 2F
2-2: SOLO HOME RUN (Flyball, 89XD), Distance : 366 ft
Batting: RHB Stan Simpson 0-0: Ball
1-0: Swinging Strike
1-1: Fly out, F7 (Flyball, 7S)
Batting: LHB Paul Valentine 0-0: Called Strike
0-1: Ball
1-1: Foul Ball, location: 2F
1-2: Ground out 4-3 (Groundball, 34)
Batting: RHB Jon Anderson 0-0: Called Strike
0-1: Ball
1-1: Ground out 6-3 (Groundball, 6M)
Bottom of the 4th over - 1 run(s), 1 hit(s), 0 error(s), 0 left on base; Villanova 2 - Arkansas 3
TOP OF THE 5TH
Villanova Wildcats batting - Pitching for Arkansas Razorbacks : RHP Fernando Villarroel
Batting: SHB Lorenzo Gómez 0-0: Called Strike
0-1: Fly out, F9 (Flyball, 89M)
Batting: LHB Steven Smith 0-0: Ball
1-0: Ball
2-0: Ball
3-0: Base on Balls
Batting: RHB Ron Elazar 0-0: Called Strike
0-1: Called Strike
0-2: Ball
1-2: Strikes out swinging
Batting: RHB Jorge Barrios 0-0: Called Strike
0-1: Ball
1-1: Ball
2-1: Fielders Choice at 2nd, U4 (Groundball, 4M)
Top of the 5th over - 0 run(s), 0 hit(s), 0 error(s), 1 left on base; Villanova 2 - Arkansas 3
BOTTOM OF THE 5TH
Arkansas Razorbacks batting - Pitching for Villanova Wildcats : RHP Ryan Schmidt
Batting: RHB Domingo Morales 0-0: Called Strike
0-1: Ball
1-1: Ground out 6-3 (Groundball, 6)
Batting: RHB Heath O'Keerwin 0-0: Foul Ball, location: 2F
0-1: Ball
1-1: Called Strike
1-2: Ball
2-2: Fly out, F7 (Flyball, 78S)
Batting: SHB Ed Dundee 0-0: Ball
1-0: Called Strike
1-1: Foul Ball, location: 2F
1-2: Foul Ball, location: 2F
1-2: Foul Ball, location: 2F
1-2: Ball
2-2: Ball
3-2: SINGLE (Groundball, 6M)
Batting: RHB Andrew Weatherly 0-0: Ball
Throwing error on steal attempt, E2
Ed Dundee to third
1-0: Foul Ball, location: 2F
1-1: Ball
2-1: SINGLE (Line Drive, 7S)
Ed Dundee scores
Batting: LHB Richard Hinkle 0-0: Called Strike
0-1: Ball
1-1: Fly out, F5 (Popup, 5SF)
Bottom of the 5th over - 1 run(s), 2 hit(s), 1 error(s), 1 left on base; Villanova 2 - Arkansas 4
TOP OF THE 6TH
Villanova Wildcats batting - Pitching for Arkansas Razorbacks : RHP Fernando Villarroel
Pitching: RHP Vicente Ibarra
Batting: RHB Dan McKay 0-0: Ball
1-0: Called Strike
1-1: Ball
2-1: Fly out, F9 (Line Drive, 9S)
Batting: RHB Tom Hooper 0-0: Ball
1-0: Ball
2-0: Foul Ball, location: 2F
2-1: Foul Ball, location: 2F
2-2: Foul Ball, location: 2F
2-2: Ball
3-2: Strikes out looking
Batting: RHB Ricardo López 0-0: Swinging Strike
0-1: SINGLE (Groundball, 56D)
Batting: RHB Juan Romero 0-0: Ball
1-0: Called Strike
1-1: Ball
2-1: Ball
3-1: Base on Balls
Ricardo López to second
Batting: RHB Jason Powers 0-0: Called Strike
0-1: Swinging Strike
0-2: Strikes out swinging
Top of the 6th over - 0 run(s), 1 hit(s), 0 error(s), 2 left on base; Villanova 2 - Arkansas 4
BOTTOM OF THE 6TH
Arkansas Razorbacks batting - Pitching for Villanova Wildcats : RHP Ryan Schmidt
Batting: LHB Carter Sweet 0-0: Called Strike
0-1: Foul Ball, location: 2F
0-2: Ball
1-2: Strikes out swinging
Batting: RHB Stan Simpson 0-0: SINGLE (Groundball, 6MD)
Batting: LHB Paul Valentine 0-0: Swinging Strike
0-1: Ball
1-1: SINGLE (Groundball, 34D)
Stan Simpson to second
Runner from 2nd tries for 3rd, SAFE, no throw or cutoff
Batting: RHB Jon Anderson 0-0: Ball
1-0: Fly out, F6 (Popup, 6MD)
Pitching: RHP Otis Luna
Batting: RHB Domingo Morales 0-0: Ball
1-0: Ball
2-0: Foul Ball, location: 2F
2-1: Called Strike
2-2: Foul Ball, location: 2F
2-2: Foul Ball, location: 2F
2-2: Ball
3-2: Base on Balls
Paul Valentine to second
Batting: RHB Heath O'Keerwin 0-0: Ball
1-0: Ball
2-0: Called Strike
2-1: Foul Ball, location: 2F
2-2: Strikes out looking
Bottom of the 6th over - 0 run(s), 2 hit(s), 0 error(s), 3 left on base; Villanova 2 - Arkansas 4
TOP OF THE 7TH
Villanova Wildcats batting - Pitching for Arkansas Razorbacks : RHP Vicente Ibarra
Batting: SHB Lorenzo Gómez 0-0: Ball
1-0: Called Strike
1-1: Foul Ball, location: 2F
1-2: Strikes out looking
Batting: LHB Steven Smith 0-0: Ball
1-0: Ball
2-0: Foul Ball, location: 2F
2-1: Called Strike
2-2: Foul Ball, location: 2F
2-2: Strikes out swinging
Batting: RHB Ron Elazar 0-0: Foul Ball, location: 2F
0-1: Ball
1-1: Foul Ball, location: 2F
1-2: Strikes out swinging
Top of the 7th over - 0 run(s), 0 hit(s), 0 error(s), 0 left on base; Villanova 2 - Arkansas 4
BOTTOM OF THE 7TH
Arkansas Razorbacks batting - Pitching for Villanova Wildcats : RHP Otis Luna
Batting: SHB Ed Dundee 0-0: Ball
1-0: Ball
2-0: Ball
3-0: Called Strike
3-1: Base on Balls
Batting: RHB Andrew Weatherly 0-0: Ball
1-0: Sac Bunt - play at first, batter OUT! 3-4
Ed Dundee to second
Batting: LHB Richard Hinkle 0-0: Intentional Walk
Batting: LHB Carter Sweet 0-0: Ball
1-0: Ball
2-0: Foul Ball, location: 2F
2-1: Called Strike
Ed Dundee steals 3rd base
Richard Hinkle to second
2-2: Strikes out looking
Batting: RHB Stan Simpson 0-0: Ball
1-0: Fly out, F7 (Flyball, 78M)
Bottom of the 7th over - 0 run(s), 0 hit(s), 0 error(s), 2 left on base; Villanova 2 - Arkansas 4
TOP OF THE 8TH
Villanova Wildcats batting - Pitching for Arkansas Razorbacks : RHP Vicente Ibarra
Pitching: LHP Arnie Smeddon
Batting: RHB Jorge Barrios 0-0: Called Strike
0-1: Called Strike
0-2: Ball
1-2: Ball
2-2: Strikes out swinging
Batting: RHB Dan McKay 0-0: Ball
1-0: Called Strike
1-1: Foul Ball, location: 2F
1-2: Strikes out swinging
Batting: RHB Tom Hooper 0-0: Swinging Strike
0-1: Foul Ball, location: 2F
0-2: Strikes out swinging
Top of the 8th over - 0 run(s), 0 hit(s), 0 error(s), 0 left on base; Villanova 2 - Arkansas 4
BOTTOM OF THE 8TH
Arkansas Razorbacks batting - Pitching for Villanova Wildcats : RHP Otis Luna
Batting: LHB Paul Valentine 0-0: Ground out U3 (Groundball, 3)
Batting: RHB Jon Anderson 0-0: Fly out, F7 (Flyball, 7D)
Batting: RHB Domingo Morales 0-0: Ball
1-0: Ball
2-0: Called Strike
2-1: Called Strike
2-2: Ball
3-2: Foul Ball, location: 2F
3-2: Base on Balls
Batting: RHB Heath O'Keerwin 0-0: Ball
1-0: Ball
2-0: Called Strike
2-1: Ball
3-1: Called Strike
3-2: Foul Ball, location: 2F
3-2: Foul Ball, location: 2F
3-2: DOUBLE (Line Drive, 7LM)
Domingo Morales to third
Domingo Morales scores
Pitching: RHP Armando López
Batting: SHB Ed Dundee 0-0: Called Strike
0-1: Swinging Strike
0-2: SINGLE (Groundball, 4M)
Heath O'Keerwin to third
Runner from 3rd tries for Home, SAFE, no throw or cutoff
Batting: RHB Andrew Weatherly 0-0: Ball
1-0: Foul Ball, location: 2F
1-1: Ball
2-1: Ground out 4-3 (Groundball, 34)
Bottom of the 8th over - 2 run(s), 2 hit(s), 0 error(s), 1 left on base; Villanova 2 - Arkansas 6
TOP OF THE 9TH
Villanova Wildcats batting - Pitching for Arkansas Razorbacks : LHP Arnie Smeddon
Batting: RHB Ricardo López 0-0: Ball
1-0: Ball
2-0: Foul Ball, location: 2F
2-1: Foul Ball, location: 2F
2-2: Foul Ball, location: 2F
2-2: Foul Ball, location: 2F
2-2: Ball
3-2: Base on Balls
Batting: RHB Juan Romero 0-0: Ball
1-0: Called Strike
1-1: Ball
Wild Pitch!
Ricardo López to second
2-1: Ball
3-1: Base on Balls
Pitching: RHP Jesús Medina
Batting: RHB Jason Powers 0-0: Ball
1-0: Ball
2-0: Ball
3-0: Called Strike
3-1: Base on Balls
Ricardo López to third
Juan Romero to second
Batting: SHB Lorenzo Gómez 0-0: Called Strike
0-1: Fly out, F3 (Popup, 13)
Batting: LHB Steven Smith 0-0: Foul Ball, location: 2F
0-1: Ball
1-1: Called Strike
1-2: Ball
2-2: Foul Ball, location: 2F
2-2: Ball
3-2: Base on Balls
Ricardo López scores
Juan Romero to third
Jason Powers to second
Batting: RHB Ron Elazar 0-0: Foul Ball, location: 2F
0-1: Ball
1-1: Swinging Strike
1-2: Ball
2-2: Ball
3-2: Base on Balls
Juan Romero scores
Jason Powers to third
Steven Smith to second
Batting: RHB Jorge Barrios 0-0: Foul Ball, location: 2F
0-1: Fly out, F9 (Flyball, 9LM)
Runner from 3rd tags up, SCORES, no throw
Batting: RHB Dan McKay 0-0: 3-RUN HOME RUN (Flyball, 7D), Distance : 343 ft
Batting: RHB Tom Hooper 0-0: Ground out 5-3 (Groundball, 56)
Top of the 9th over - 6 run(s), 1 hit(s), 0 error(s), 0 left on base; Villanova 8 - Arkansas 6
BOTTOM OF THE 9TH
Arkansas Razorbacks batting - Pitching for Villanova Wildcats : RHP Armando López
Pitching: RHP Mathieu Bourbeau
Batting: LHB Richard Hinkle 0-0: Ball
1-0: Ground out 4-3 (Groundball, 34D)
Batting: LHB Carter Sweet 0-0: Fly out, F7 (Flyball, 78S)
Batting: RHB Stan Simpson 0-0: Ball
1-0: Called Strike
1-1: SINGLE (Groundball, 4MD) (infield hit)
Batting: LHB Paul Valentine 0-0: Fly out, F9 (Flyball, 9M)
Bottom of the 9th over - 0 run(s), 1 hit(s), 0 error(s), 1 left on base; Villanova 8 - Arkansas 6
This league is powered by Out of the Park Baseball, the baseball management simulation game for PC, Mac and Linux
Tuesday, August 2nd, 2016 - OOTP Baseball 16.8 Build 38